 Dungeon Crawl Stone Soup version 0.26-a0-1033-gd598b01645 (webtiles) character file.

Game seed: 5513115185125451122

4955 PentaManta the Grappler (level 10, -1/132 HPs)
             Began as a Troll Berserker on Dec 10, 2020.
             Was a High Priest of Trog.
             Slain by a wolf (2 damage)
             ... led by Grum
             ... on level 8 of the Dungeon.
             The game lasted 00:15:32 (6193 turns).

PentaManta the Grappler (Troll Berserker)           Turns: 6193, Time: 00:15:33

Health: -1/132     AC: 11    Str: 27    XL:     10   Next: 28%
Magic:  9/9        EV: 11    Int:  6    God:    Trog [*****.]
Gold:   316        SH:  5    Dex: 21    Spells: 9/9 levels left

rFire    . . .     SeeInvis .     - Unarmed
rCold    . . .     Faith    .   (no shield)
rNeg     + . .     Spirit   .   a - +0 animal skin
rPois    .         Reflect  +   G - +2 hat of the Blessed Realm {rN+ Regen+ Stlth+}
rElec    .         Harm     .   H - +2 cloak
rCorr    .         Rampage  .   (gloves unavailable)
Will     +....                  (boots unavailable)
Stlth    ..........             v - amulet "Kaxoneb" {Reflect Dex+6 SH+5}
HPRegen  1.12/turn              E - ring of willpower
MPRegen  0.11/turn              h - +6 ring of dexterity

@: berserking, lethally poisoned (-1 -> -3), very quick
A: large, unfitting armour, claws 3, regeneration 1, shaggy fur 1, tough skin 3
a: Berserk, Trog's Hand, Brothers in Arms, Renounce Religion


You were on level 8 of the Dungeon.
You worshipped Trog.
Trog was extremely pleased with you.
You visited 2 branches of the dungeon, and saw 10 of its levels.

You collected 559 gold pieces.
You spent 243 gold pieces at shops.

Inventory:

Hand Weapons
 B - a +0 giant spiked club
Missiles
 s - 2 throwing nets
 D - 9 large rocks
Armour
 a - a +0 animal skin (worn)
 G - the +2 hat of the Blessed Realm (worn) {rN+ Regen+ Stlth+}
   (You bought it in a shop on level 8 of the Dungeon)

   It protects you from negative energy.
   It increases your rate of regeneration.
   It makes you more stealthy.
 H - a +2 cloak (worn)
Jewellery
 b - an uncursed ring of protection from fire
 h - a +6 ring of dexterity (right claw)
 k - a cursed -4 ring of intelligence {unknown}
 q - an uncursed ring of flight
 v - the amulet "Kaxoneb" (around neck) {Reflect Dex+6 SH+5}
   (You acquired it on level 8 of the Dungeon)

   [amulet of reflection]

   It shields you and reflects attacks.
   It affects your dexterity (+6).
   It affects your SH (+5).
 E - a ring of willpower (left claw)
Wands
 w - a wand of random effects (22)
 C - a wand of acid (8)
Scrolls
 c - 4 scrolls of teleportation
 g - 2 scrolls of enchant armour
 i - 5 scrolls of remove curse {unknown}
 j - 2 scrolls of immolation {unknown}
 n - a scroll of noise {unknown}
 r - 4 scrolls of magic mapping
 x - 4 scrolls of enchant weapon {unknown}
 y - a scroll of amnesia {unknown}
 F - a scroll of summoning {unknown}
 I - a scroll of torment {unknown}
Potions
 d - a potion of heal wounds
 e - a potion of cancellation
 f - 2 potions of curing
 l - a potion of flight
 m - a potion of might
 o - 2 potions of invisibility
 p - a potion of brilliance
 t - a potion of degeneration
 u - a potion of haste
 z - 2 potions of mutation
 A - a potion of berserk rage


   Skills:
 - Level 2.4 Fighting
 - Level 2.4 Dodging
 + Level 14.7 Unarmed Combat


You had 9 spell levels left.
You didn't know any spells.
Your spell library was empty.

Dungeon Overview and Level Annotations

Branches:
Dungeon (9/15)             Temple (1/1) D:5            Lair (0/6) D:9
    Orc: D:9-12

Altars:
Ashenzari
Cheibriados
Dithmenos
Elyvilon
Fedhas
Gozag
Hepliaklqana
Kikubaaqudgha
Makhleb
Nemelex Xobeh
Okawaru
Qazlal
Ru
Sif Muna
Trog
Uskayaw
Vehumet
Wu Jian
Xom
Yredelemnul
Zin
The Shining One

Shops:
D:5 *   D:8 }[?!

Annotations:
D:7 3 runed translucent doors, paps's ghost, novice OpEn
D:9 Grum


Innate Abilities, Weirdness & Mutations

You are too large for most types of armour.
You have claws for hands.
Your natural rate of healing is unusually fast.
You are covered in fur. (AC +1)
You have extremely tough skin. (AC +3)


Message History

You mangle the water moccasin!!
You kill the water moccasin!
Trog accepts your kill.
You feel sick. The wolf bites you.
* * * LOW HITPOINT WARNING * * *
The wolf bites you!
* * * LOW HITPOINT WARNING * * *
The wolf bites you.
* * * LOW HITPOINT WARNING * * *
You mangle the wolf!!
The wolf is almost dead.
You feel sick. The wolf bites you.
* * * LOW HITPOINT WARNING * * *
The wolf barely misses you. The wolf misses you.
You mangle the wolf!!
You kill the wolf!
Trog accepts your kill.
* * * LOW HITPOINT WARNING * * *
You feel sick. The wolf bites you.
You die...

.........#............## ###.#.#
.......................# #.#.#
...............##.....## #.#.#
...........#...#####..## #.#.#
.#+#.....[.##[.### ##..# #.#.#
.'∩'.......##....####..######.#.#
##+#.......#..................#.#
#.........#...h†.....######.....
#...(.#.......†@....## #.....
##..#......#...h...## ######
######....#......##
###..##^....## #######....#
#...## ##..# ####


You could see 2 wolves.

Vanquished Creatures
  Harold (D:8)
  Psyche (D:8)
  A gargoyle (D:8)
  Prince Ribbit (D:8)
  Grinder (D:3)
  A wyvern (D:8)
  A water moccasin (D:8)
  3 ice beasts
  2 orc warriors (D:8)
  A black bear (D:8)
  3 sky beasts
  4 ogres
  2 phantoms
  2 wolves
  3 centaurs
  3 bullfrogs
  A water moccasin skeleton (D:8)
  A scorpion (D:8)
  5 wights (D:7)
  2 bullfrog zombies
  A hound (D:7)
  A bullfrog skeleton (D:7)
  2 jellies
  2 orc priests
  5 orc wizards
  3 worker ants
  3 hound skeletons
  8 gnolls (D:5)
  10 adders
  A shadow imp (D:8)
  3 white imps
  An ufetubus (D:7)
  2 oozes
  An adder skeleton (D:6)
  5 worms
  4 dart slugs (D:1)
  4 leopard geckos
  21 orcs
  6 giant cockroaches
  7 goblins
  8 hobgoblins
  9 jackals
  8 kobolds
  4 quokkas
  2 ball pythons
  13 bats
  5 frilled lizards
  A leopard gecko skeleton (D:8)
  A leopard gecko zombie (D:7)
  9 rats
189 creatures vanquished.

Vanquished Creatures (others)
  6 fungi
  10 plants
16 creatures vanquished.

Grand Total: 205 creatures vanquished

Notes
Turn   | Place    | Note
-------+----------+-------------------------------------------
     0 | D:1      | PentaManta the Troll Berserker began the quest for the Orb.
     0 | D:1      | Reached XP level 1. HP: 22/22 MP: 0/0
    97 | D:1      | Reached XP level 2. HP: 27/29 MP: 1/1
   198 | D:1      | Reached skill level 4 in Unarmed Combat
   291 | D:1      | Reached ** piety under Trog
   313 | D:1      | Reached XP level 3. HP: 35/36 MP: 2/2
   968 | D:2      | Reached XP level 4. HP: 44/44 MP: 3/3
  1024 | D:2      | Reached skill level 5 in Unarmed Combat
  1350 | D:3      | Noticed Grinder
  1366 | D:3      | Killed Grinder
  1367 | D:3      | Reached skill level 6 in Unarmed Combat
  1367 | D:3      | Reached XP level 5. HP: 37/50 MP: 4/4
  1367 | D:3      | Reached XP level 6. HP: 44/59 MP: 5/5
  1627 | D:3      | Reached skill level 7 in Unarmed Combat
  1672 | D:3      | Reached *** piety under Trog
  2402 | D:4      | Found a shimmering altar of Xom.
  2749 | D:5      | Entered Level 5 of the Dungeon
  2756 | D:5      | Reached skill level 8 in Unarmed Combat
  2770 | D:5      | Reached XP level 7. HP: 47/66 MP: 6/6
  2964 | D:5      | Found Vungayk's General Store.
  3000 | D:5      | Reached skill level 9 in Unarmed Combat
  3102 | D:5      | Found a staircase to the Ecumenical Temple.
  3370 | Temple   | Entered the Ecumenical Temple
  3583 | D:5      | HP: 3/66 [worker ant (6)]
  3588 | D:5      | HP: 4/99 [poisoned by a worker ant]
  3713 | D:6      | Reached skill level 10 in Unarmed Combat
  3713 | D:6      | Reached XP level 8. HP: 74/74 MP: 7/7
  3823 | D:6      | Reached **** piety under Trog
  4158 | D:6      | Reached skill level 11 in Unarmed Combat
  4462 | D:7      | Reached XP level 9. HP: 23/80 MP: 8/8
  4592 | D:7      | Reached skill level 12 in Unarmed Combat
  4809 | D:7      | Found a runed translucent gate.
  4810 | D:7      | Found a runed translucent gate.
  4811 | D:7      | Found a runed translucent gate.
  4813 | D:7      | Noticed a kobold demonologist
  4813 | D:7      | Noticed paps's ghost (novice OpEn)
  4813 | D:7      | Identified the +6 whip "Kietuyn" {drain, Stlth+}
  5299 | D:8      | Found Wevinap's Distillery.
  5316 | D:8      | Noticed Harold
  5334 | D:8      | Killed Harold
  5335 | D:8      | Reached skill level 13 in Unarmed Combat
  5374 | D:8      | Reached ***** piety under Trog
  5437 | D:8      | Noticed Psyche
  5443 | D:8      | Killed Psyche
  5483 | D:8      | Reached skill level 14 in Unarmed Combat
  5518 | D:8      | Identified a scroll of acquirement
  5518 | D:8      | Acquired the amulet "Kaxoneb" {Reflect Dex+6 SH+5}
  5530 | D:8      | Reached XP level 10. HP: 88/88 MP: 9/9
  5612 | D:8      | Found Gir Puf's Gadget Emporium.
  5623 | D:8      | Noticed Prince Ribbit
  5640 | D:8      | Killed Prince Ribbit
  5703 | D:8      | Found Alad's Antique Armour Boutique.
  5706 | D:8      | Bought a smoking hat for 243 gold pieces
  5712 | D:8      | Identified the +2 hat of the Blessed Realm {rN+ Regen+
                  | Stlth+} (You bought it in a shop on level 8 of the Dungeon)
  5750 | D:8      | Found a sparkling altar of Nemelex Xobeh.
  5981 | D:8      | Found Feecweripn's Magic Scroll Shop.
  6073 | D:8      | Noticed a gargoyle
  6078 | D:8      | Killed a gargoyle
  6160 | D:9      | Noticed Grum
  6162 | D:9      | Found a staircase to the Lair.
  6191 | D:8      | HP: 6/132 [wolf[Grum] (2)]
  6192 | D:8      | HP: 1/132 [wolf[Grum] (4)]
  6193 | D:8      | Slain by a wolf

Illustrated notes

Levels and vault maps discovered:
D:1:      lemuel_arrival_broad_hall, layout_basic
D:2:      layout_basic
D:3:      layout_loops_ring, uniq_grinder
D:4:      layout_basic, xom_butterflies
D:5:      layout_cave_pools, minmay_temple_entry_mist, serial_shops,
          nicolae_shop_crystal, minmay_misc_feat_cross
D:6:      layout_loops_ring
D:7:      layout_loops_ring, gammafunk_ghost_nasty_kobolds
D:8:      layout_cave_pools, serial_shops, nicolae_shop_behind_doors,
          shop_statue, shop_statue, nicolae_shop_behind_doors, minivault_5,
          nemelex_lonely_heart_becter, uniq_prince_ribbit1, uniq_harold,
          uniq_psyche
D:9:      minmay_the_grid_triangle_9x9_recursive_2
          [minmay_the_grid_triangle_9x9_prize_insulated,
          minmay_the_grid_triangle_9x9_impossible_snake,
          minmay_the_grid_triangle_9x9_negative_grid,
          minmay_the_grid_triangle_9x9_corrupted_corridor], layout_cave_pools,
          minmay_lair_entry_grove, uniq_grum
Temple:   compressed_dpeg_triangle_lava_temple

Skill      XL: |  1  2  3  4  5  6  7  8  9 |
---------------+----------------------------+-----
Unarmed Combat | 4 6 8 10 11 14 | 14.7
Fighting       | |  2.4
Dodging        | |  2.4

Action                   |  1- 3 |  4- 6 |  7- 9 | 10-12 || total
-------------------------+-------+-------+-------+-------++-------
Melee: Unarmed           |   117 |   140 |   232 |    32 ||   521
       Punch             |     2 |     4 |     7 |     2 ||    15
Invok: Berserk           |       |       |     2 |     1 ||     3
       Trog's Hand       |       |       |     1 |       ||     1
  Use: Potion            |       |       |     1 |       ||     1
       Scroll            |       |       |     6 |     9 ||    15
Armor: Animal skin       |    64 |    42 |    64 |    15 ||   185
Dodge: Dodged            |    65 |    64 |    94 |    32 ||   255
Block: Other             |       |       |       |     9 ||     9

Table legend: (Time is in decaauts)
 A = Elapsed time spent in this place.
 B = Non-inter-level travel time spent in this place.
 C = Inter-level travel time spent in this place.
 D = Time resting spent in this place.
 E = Time spent auto-exploring this place.
 F = Levels seen in this place.
 G = Mean time per level.
                   A        B        C        D        E       F      G
               +--------+--------+--------+--------+--------+-----+--------+
         Total |   6131 |   5822 |    309 |     53 |   4651 |  10 |  613.1 |
       Dungeon |   5945 |   5656 |    289 |     53 |   4487 |   9 |  660.6 |
        Temple |    185 |    165 |     20 |      0 |    164 |   1 |  185.0 |
               +--------+--------+--------+--------+--------+-----+--------+

Top non-repeatable levels by time:
     D:7: 969 daAuts
     D:8: 841 daAuts
     D:5: 761 daAuts
     D:3: 758 daAuts
     D:4: 668 daAuts
     D:1: 657 daAuts
     D:2: 640 daAuts
     D:6: 601 daAuts
  Temple: 185 daAuts
     D:9: 47 daAuts
